 Dungeon Crawl Stone Soup version 0.22-a0-799-g88f5e90 (webtiles) character file.

1941 iamserjio the Destroyer (level 9, 0/47 HPs)
             Began as a Tengu Fire Elementalist on July 21, 2018.
             Slain by a bullfrog (5 damage)
             ... on level 6 of the Dungeon.
             The game lasted 00:24:45 (2694 turns).

iamserjio the Destroyer (Tengu Fire Elementalist)   Turns: 2694, Time: 00:24:45

Health: 0/47       AC:  4    Str: 10    XL:     9   Next: 18%
Magic:  4/16       EV: 13    Int: 18    God:
Gold:   151        SH:  0    Dex: 14    Spells: 3/16 levels left

rFire    . . .     SeeInvis .   d - +7 hunting sling (velocity)
rCold    + . .     Gourm    .   (no shield)
rNeg     . . .     Faith    .   s - +1 robe of the Kangaroo {Slay+3} (curse)
rPois    .         Spirit   .   g - +0 hat
rElec    .         Reflect  .   A - +0 cloak
rCorr    .         Harm     .   (no gloves)
MR       .....                  (boots unavailable)
Stlth    ++........             (no amulet)
HPRegen  0.15/turn              h - ring of protection from cold
MPRegen  0.15/turn              (no ring)

@: no status effects
A: beak, talons 3, able to fly 1
a: Fly


You were on level 6 of the Dungeon.
You were hungry.

You visited 2 branches of the dungeon, and saw 7 of its levels.

You collected 151 gold pieces.

Inventory:

Hand Weapons
 b - a +0 short sword
 d - a +7 hunting sling of velocity (weapon)
 q - a +0 falchion of holy wrath
 v - a +3 mace
 z - a +2 quarterstaff of chaos
 J - a +2 long sword
 K - a +1 falchion of slicing
Missiles
 k - 36 arrows
 n - 31 poisoned needles
 p - 6 sling bullets
 G - 20 stones (quivered)
Armour
 a - a +0 robe
 g - a +0 hat (worn)
 s - the cursed +1 robe of the Kangaroo (worn) {Slay+3}
   (You found it on level 5 of the Dungeon)

   It affects your accuracy and damage with ranged weapons and melee attacks
   (+3).
   It has a curse placed upon it.
 A - a +0 cloak (worn)
 B - a +0 leather armour
 E - a +2 robe of cold resistance
 F - the +1 robe of the Blind Marksman {rElec rC+ rN++ Dex-4, unknown}
   (You found it on level 5 of the Dungeon)

   It affects your dexterity (-4).
   It protects you from cold.
   It insulates you from electricity.
   It greatly protects you from negative energy.
 H - a +1 pair of gloves of archery
Magical Staves
 x - an uncursed staff of poison
Jewellery
 h - a ring of protection from cold (left hand)
 C - an uncursed ring of ice
Wands
 t - a wand of polymorph (9)
 y - a wand of iceblast (8)
 I - a wand of disintegration (10)
Scrolls
 e - 2 scrolls of enchant armour
 f - a scroll of amnesia
 i - 2 scrolls of teleportation
 j - a scroll of magic mapping {unknown}
 m - a scroll of random uselessness {unknown}
 u - a scroll of immolation
 w - a scroll of remove curse {@r2}
Potions
 l - 2 potions of flight
 r - a potion of brilliance
Comestibles
 c - 10 rations


   Skills:
 - Level 1.0 Fighting
 - Level 3.4 Dodging
 - Level 2.0 Stealth
 - Level 4.0 Spellcasting
 + Level 9.9 Conjurations
 + Level 8.9 Fire Magic


You had 3 spell levels left.
You knew the following spells:

 Your Spells              Type           Power        Failure   Level  Hunger
a - Flame Tongue          Conj/Fire      #####        1%          1    None
b - Conjure Flame         Conj/Fire      #####...     1%          3    ###....
c - Sticky Flame          Conj/Fire      #####...     3%          4    ####...
d - Fireball              Conj/Fire      #####.....   9%          5    ######.

Your spell library contained the following spells:

 Spells                   Type           Power        Failure   Level  Hunger
 Throw Flame              Conj/Fire      #####.       1%          2    ##.....
 Inner Flame              Hex/Fire       ###.....     7%          3    ###....


Dungeon Overview and Level Annotations

Branches:
Dungeon (6/15)             Temple (1/1) D:4

Altars:
Ashenzari
Cheibriados
Dithmenos
Elyvilon
Gozag
Hepliaklqana
Makhleb
Nemelex Xobeh
Okawaru
Trog
Uskayaw
Wu Jian
Yredelemnul
Zin
The Shining One

Annotations:
D:4 Blork the orc


Innate Abilities, Weirdness & Mutations

You have a beak for a mouth.
You have claws for feet.
You can fly.


Message History

Aiming: Disintegrate
Press: ? - help, Shift-Dir - straight line, f - bullfrog
Aim: a bullfrog (chance to defeat MR: 65%)
The bullfrog is blasted.
The bullfrog closely misses you. The bullfrog misses you.
Evoke which item? (* to show all) (? for menu, Esc to quit)
Aiming: Disintegrate
Press: ? - help, Shift-Dir - straight line, f/p - bullfrog
Aim: a bullfrog (severely wounded, chance to defeat MR: 65%)
The bullfrog struggles to resist.
The bullfrog closely misses you.
Evoke which item? (* to show all) (? for menu, Esc to quit)
Aiming: Disintegrate
Press: ? - help, Shift-Dir - straight line, f/p - bullfrog
Aim: a bullfrog (severely wounded, chance to defeat MR: 65%)
The bullfrog struggles to resist.
The bullfrog closely misses you. The bullfrog hits you!
* * * LOW HITPOINT WARNING * * *
It was a potion of cancellation.
You feel magically purged. The bullfrog hits you.
You die...

#....# ######## #....# #
#....# ##### # ..
#....#######...#######
....##..).................
........##o....###....#..#
..(o...o''....##≈†.≈≈##.<.
((...o..##F..#.≈≈≈≈#≈≈....
(.......#@.##≈##≈≈≈≈≈≈≈≈..
#########..#≈≈≈≈≈≈≈≈≈≈≈≈†.
#.#.≈≈≈≈≈≈≈≈≈≈≈≈≈.
#.#≈≈≈≈≈##≈≈≈≈≈≈≈≈
##.≈≈)≈.≈≈≈≈≈≈#≈†≈≈
#..≈≈#[≈#≈...≈...≈≈
#...≈≈...††<.....≈#
#..≈≈≈..#≈...≈≈.≈≈≈
##.≈≈≈≈≈≈≈≈≈≈≈≈≈≈≈≈


You could see a bullfrog and an orc wizard.

Vanquished Creatures
  Grinder (D:3)
  Prince Ribbit (D:5)
  Sigmund (D:3)
  A water moccasin (D:5)
  A black bear (D:6)
  A phantom (D:3)
  2 ogres
  3 scorpions
  4 wights (D:6)
  An electric eel (D:6)
  A bullfrog zombie (D:5)
  2 crimson imps
  3 orc wizards
  Crazy Yiuf (D:3)
  A gnoll shaman (D:5)
  A hound (D:4)
  3 worker ants
  Ijyb (D:3)
  2 iguanas (D:5)
  A worker ant zombie (D:5)
  Robin (D:3)
  3 gnolls (D:5)
  5 adders
  An ooze (D:3)
  2 adder zombies
  2 worms
  10 dart slugs
  3 leopard geckos
  4 orcs
  A ball python (D:2)
  5 giant cockroaches
  12 goblins
  7 hobgoblins
  2 jackals (D:5)
  8 kobolds
  3 quokkas
  10 bats
  A frilled lizard (D:4)
  A giant cockroach zombie (D:5)
  A leopard gecko skeleton (D:4)
  5 rats
119 creatures vanquished.

Notes
Turn   | Place    | Note
-------+----------+-------------------------------------------
     0 | D:1      | iamserjio the Tengu Fire Elementalist began the quest for the Orb.
     0 | D:1      | Reached XP level 1. HP: 10/10 MP: 4/4
    87 | D:1      | Reached skill level 2 in Conjurations
    87 | D:1      | Reached XP level 2. HP: 14/15 MP: 3/6
   209 | D:2      | Reached XP level 3. HP: 14/19 MP: 0/7
   628 | D:2      | Reached XP level 4. HP: 14/24 MP: 8/8
   646 | D:2      | Reached skill level 3 in Conjurations
   694 | D:3      | Noticed Robin
   732 | D:3      | Killed Robin
   732 | D:3      | Reached skill level 1 in Fighting
   746 | D:3      | Found a white marble altar of Elyvilon.
   766 | D:3      | Found an opulent altar of Gozag.
   810 | D:3      | Noticed a phantom
   971 | D:3      | Gained mutation: You can fly. [Tengu growth]
   971 | D:3      | Reached XP level 5. HP: 18/29 MP: 5/10
   976 | D:3      | Learned a level 3 spell: Conjure Flame
   981 | D:3      | Learned a level 4 spell: Sticky Flame
   994 | D:3      | Noticed Grinder
  1001 | D:3      | Paralysed by Grinder for 2 turns
  1007 | D:3      | Noticed Sigmund
  1016 | D:3      | Killed Grinder
  1016 | D:3      | Reached skill level 4 in Conjurations
  1016 | D:3      | Reached XP level 6. HP: 30/34 MP: 1/12
  1064 | D:3      | Noticed Ijyb
  1241 | D:4      | Noticed Blork the orc
  1257 | D:4      | Reached skill level 5 in Fire Magic
  1257 | D:4      | Reached XP level 7. HP: 17/38 MP: 3/14
  1264 | D:5      | Entered Level 5 of the Dungeon
  1269 | D:5      | Got a twisted robe
  1299 | D:5      | Identified the cursed +1 robe of the Kangaroo {Slay+3} (You found it on level 5 of the Dungeon)
  1339 | D:4      | Found a staircase to the Ecumenical Temple.
  1348 | Temple   | Entered the Ecumenical Temple
  1669 | D:3      | Killed Ijyb
  1669 | D:3      | Reached skill level 5 in Conjurations
  1846 | D:3      | Killed Sigmund
  1846 | D:3      | Reached skill level 6 in Conjurations
  1899 | D:3      | Found a runed door.
  1903 | D:3      | Noticed Crazy Yiuf
  1905 | D:3      | Killed Crazy Yiuf
  2004 | D:5      | Found a shattered altar of Ashenzari.
  2023 | D:5      | Reached XP level 8. HP: 43/43 MP: 9/15
  2072 | D:5      | Found an iron altar of Okawaru.
  2113 | D:5      | Learned a level 5 spell: Fireball
  2144 | D:5      | Reached skill level 7 in Conjurations
  2330 | D:5      | Got a wizard robe
  2359 | D:5      | Noticed Prince Ribbit
  2377 | D:5      | Killed Prince Ribbit
  2377 | D:5      | Reached skill level 8 in Conjurations
  2562 | D:6      | Reached skill level 9 in Conjurations
  2580 | D:6      | Reached XP level 9. HP: 41/47 MP: 0/16
  2694 | D:6      | Slain by a bullfrog

Vault maps used:
D:1:      tarquinn_simple_flora_water_f, minmay_misc_feat_more_columns
D:2:      kennysheep_nondescript, minmay_split_cup_large
D:3:      nicolae_overflow_crystal_walls, first_ration, grunt_gozag_statues,
          uniq_ijyb, uniq_crazy_yiuf_cottage, uniq_grinder, uniq_robin,
          uniq_sigmund
D:4:      minmay_temple_entry_poolview, grunt_ministairs_9,
          minmay_misc_feat_enclosed, minmay_misc_feat_ornament,
          eino_tiny_chamber, minmay_checkerbox, uniq_blork_the_orc
D:5:      kennysheep_little_box, marbit_many_paths, kennysheep_potato,
          uniq_prince_ribbit1
D:6:      kennysheep_slugbush
Temple:   chequers_temple_sunken

Skill      XL: |  1  2  3  4  5  6  7  8 |
---------------+-------------------------+-----
Conjurations   | 2 3 4 6 9 |  9.9
Fighting       | 1 |  1.0
Fire Magic     | 4 5 6 8 |  8.9
Spellcasting   | 3 4 |  4.0
Dodging        | 3 |  3.4
Stealth        | |  2.0

Action                   |  1- 3 |  4- 6 |  7- 9 || total
-------------------------+-------+-------+-------++-------
Melee: Short sword       |    46 |     5 |       ||    51
       Kick              |    11 |     9 |     2 ||    22
       Peck              |     5 |     3 |     1 ||     9
       Falchion          |       |    18 |    10 ||    28
       Unarmed           |       |       |     9 ||     9
 Fire: Hunting sling     |       |       |    68 ||    68
 Cast: Flame Tongue      |    45 |    48 |    63 ||   156
       Sticky Flame      |       |     2 |     4 ||     6
       Conjure Flame     |       |     1 |     7 ||     8
Evoke: Wand              |       |       |     3 ||     3
  Use: Potion            |       |     3 |     4 ||     7
       Scroll            |       |     5 |     2 ||     7
 Stab: Sleeping          |     1 |     1 |       ||     2
  Eat: Chunk             |       |     2 |     6 ||     8
Armor: Robe              |    19 |     4 |     5 ||    28
       Skin              |       |       |     6 ||     6
Dodge: Dodged            |    42 |    36 |    26 ||   104
       Rpst.: Falchion   |       |    11 |     3 ||    14

Table legend:
 A = Spawn XP
 B = Non-spawn XP
 C = Spawn XP percentage of total XP
 D = Spawn monster count
 E = Non-spawn monster count
 F = Spawn count percentage of total count
 G = Total turns spent on level
                    A         B        C        D         E        F      G
               +---------+---------+-------+---------+---------+-------+---------
         Total |       0 |    2773 |   0.0 |       0 |     119 |   0.0 |  2694
               +---------+---------+-------+---------+---------+-------+---------
           D:1 |       0 |      32 |   0.0 |       0 |      18 |   0.0 |   256
           D:2 |       0 |      64 |   0.0 |       0 |      21 |   0.0 |   415
           D:3 |       0 |     774 |   0.0 |       0 |      25 |   0.0 |   707
           D:4 |       0 |     158 |   0.0 |       0 |       8 |   0.0 |   512
           D:5 |       0 |    1000 |   0.0 |       0 |      26 |   0.0 |   595
           D:6 |       0 |     745 |   0.0 |       0 |      21 |   0.0 |   159
               +---------+---------+-------+---------+---------+-------+---------
